 Dungeon Crawl Stone Soup version 0.28.0-53-g5a82cb258f (webtiles) character file.

Game seed: 6473650925517603776

157 greena the Skirmisher (level 5, 0/45 (48) HPs)
             Began as a Minotaur Abyssal Knight on May 26, 2022.
             Was a Believer of Lugonu.
             Slain by an orc wizard
             ... wielding a +2 dagger of draining
              (2 damage)
             ... on level 3 of the Dungeon.
             The game lasted 00:08:22 (2179 turns).

greena the Skirmisher (Minotaur Abyssal Knight)     Turns: 2179, Time: 00:08:22

HP:   0/45 (48)     AC:  3    Str: 19    XL:     5   Next: 15%
MP:   14/14         EV: 11    Int:  7    God:    Lugonu [**....]
Gold: 55            SH:  0    Dex: 11    Spells: 4/4 levels left

rFire   . . .      SeeInvis .   a - +1 falchion
rCold   . . .      Faith    .   (no shield)
rNeg    . . .      Spirit   .   b - +0 leather armour
rPois   .          Reflect  .   (helmet restricted)
rElec   .          Harm     .   (no cloak)
rCorr   .          Rampage  .   (no gloves)
Will    .....                   (no boots)
Stlth   +.........              (no amulet)
HPRegen 0.15/turn               k - ring of magical power
MPRegen 0.14/turn               (no ring)

@: confused, ambrosia-drunk, drained
A: horns 2, retaliatory headbutt
a: Renounce Religion, Depart the Abyss, Bend Space


You were on level 3 of the Dungeon.
You worshipped Lugonu.
Lugonu was pleased with you.
You visited 1 branch of the dungeon, and saw 3 of its levels.
You visited the Abyss 1 time.

You collected 55 gold pieces.

Inventory:

Hand Weapons
 a - a +1 falchion (weapon)
Missiles
 i - 18 bolts
 j - a throwing net
Armour
 b - a +0 leather armour (worn)
Jewellery
 k - a ring of magical power (left hand)
Scrolls
 c - 2 scrolls of teleportation {unknown}
 d - a scroll of acquirement {unknown}
 h - 3 scrolls of identify {unknown}
Potions
 e - a potion of lignification {unknown}
 l - a potion of might {unknown}


   Skills:
 + Level 5.0 Fighting
 + Level 4.2 Long Blades
 + Level 3.5 Armour
 + Level 1.6 Dodging
 + Level 0.3 Stealth
 + Level 2.1 Invocations


You had 4 spell levels left.
You didn't know any spells.
Your spell library contained the following spells:

 Spells                   Type           Power      Damage    Failure   Level
 Static Discharge         Conj/Air       0%         N/A       63%         2
 Ozocubu's Armour         Ice            0%         N/A       85%         3
 Dispel Undead            Necr           0%         3d6       99%         4
 Sticky Flame             Conj/Fire      0%         2d3       99%         4
 Ozocubu's Refrigeration  Ice            0%         4d5       100%        7


Dungeon Overview and Level Annotations

Branches:
Dungeon (3/15)

Altars:


Innate Abilities, Weirdness & Mutations

You have a pair of horns on your head.
You reflexively headbutt those who attack you in melee.


Message History

The orc wizard mumbles some strange words.
The orc wizard flickers and vanishes!
The phantom barely misses you. Something hits you.
* * * LOW HITPOINT WARNING * * *
You feel drained.
It was a potion of curing.
You feel better. The phantom hits you!
* * * LOW HITPOINT WARNING * * *
You miss the phantom.
The phantom is moderately damaged.
The phantom hits you.
* * * LOW HITPOINT WARNING * * *
The phantom blinks!
You blink.
You feel better. The phantom barely misses you.
You hit the phantom.
The phantom is heavily damaged.
The phantom misses you. You furiously retaliate!
You headbutt the phantom!
The phantom hits you but does no damage.
You closely miss the phantom. Your punch misses the phantom.
The phantom is almost destroyed.
The phantom hits you.
The phantom blinks!
You blink.
You barely miss the phantom. Your headbutt misses the phantom.
The phantom is almost destroyed.
You are confused.
The phantom hits you.
* * * LOW HITPOINT WARNING * * *
You barely miss the phantom.
The phantom is almost destroyed.
The phantom hits you!
* * * LOW HITPOINT WARNING * * *
The phantom blinks!
You blink.
It was a potion of ambrosia.
You are more confused.
You feel invigorated. The phantom hits you.
* * * LOW HITPOINT WARNING * * *
The phantom blinks!
You blink.
Something hits you.
* * * LOW HITPOINT WARNING * * *
You feel drained.
You die...

.....†.......###
#...#...##...#
..#####)####§#
..# #.####.# ###
#..).#.##
####.#..##
#.##..########
#.....{§.....#
###....@..§(.#
#....W.....#
#..........#
#....<.....#
############


You could see a phantom.

Vanquished Creatures
  An orc priest (D:3)
  A centaur skeleton (D:3)
  3 gnolls (D:2)
  3 adders
  A worm (D:3)
  A dart slug (D:1)
  An orc (D:3)
  4 ball pythons
  2 endoplasms (D:1)
  A giant cockroach (D:3)
  6 goblins
  5 hobgoblins
  2 kobolds
  3 quokkas
  2 bats
  2 frilled lizards (D:1)
  9 rats
47 creatures vanquished.

Notes
Turn   | Place    | Note
-------+----------+-------------------------------------------
     0 | Abyss:1  | greena the Minotaur Abyssal Knight began the quest for the
                  | Orb.
     0 | Abyss:1  | Reached XP level 1. HP: 19/19 MP: 1/1
    15 | D:1      | Escaped the Abyss
    85 | D:1      | Reached skill level 4 in Fighting
   145 | D:1      | Reached XP level 2. HP: 25/27 MP: 2/2
   679 | D:2      | Reached XP level 3. HP: 15/34 MP: 3/3
   682 | D:2      | Reached ** piety under Lugonu
  1306 | D:2      | Found a faded altar of an unknown god.
  1555 | D:2      | Reached XP level 4. HP: 31/41 MP: 4/4
  2109 | D:3      | Noticed a phantom
  2154 | D:3      | Reached skill level 5 in Fighting
  2157 | D:3      | Reached XP level 5. HP: 24/48 MP: 5/5
  2178 | D:3      | HP: 2/47 [phantom (6)]
  2179 | D:3      | Slain by an orc wizard

Illustrated notes

Levels and vault maps discovered:
D:1:      lightli_arrival_boilingwater, layout_basic,
          nicolae_concentric_dashed_squares_mild
D:2:      layout_basic, chequers_ecumenical_altar_grove, corexii_corridor_pit
D:3:      layout_rooms

Skill      XL: |  1  2  3  4 |
---------------+-------------+-----
Fighting       | 4 5 |  5.0
Invocations    | 2 |  2.1
Long Blades    | 3 4 |  4.2
Armour         | 3 |  3.5
Dodging        | |  1.6
Stealth        | |  0.3

Action                   |  1- 3 |  4- 6 || total
-------------------------+-------+-------++-------
Melee: Falchion          |    65 |    41 ||   106
       Headbutt          |     5 |     4 ||     9
       Punch             |     1 |       ||     1
  Use: Potion            |       |     3 ||     3
Armor: Leather armour    |    16 |     8 ||    24
Dodge: Dodged            |    35 |    22 ||    57
